 Dungeon Crawl Stone Soup version 0.21.1-1-g345015f (webtiles) character file.

1619 xccam the Carver (level 8, -4/70 HPs)
             Began as a Grey Draconian Berserker on Mar 25, 2018.
             Was an Elder of Trog.
             Slain by a wight
             ... wielding a +5 scimitar of freezing
              (8 damage)
             ... on level 6 of the Dungeon.
             The game lasted 00:09:44 (5419 turns).

xccam the Carver (Grey Draconian Berserker)         Turns: 5419, Time: 00:09:45

Health: -4/70      AC: 12    Str: 21    XL:     8   Next: 64%
Magic:  8/8        EV: 13    Int:  8    God:    Trog [****..]
Gold:   239        SH:  0    Dex: 11    Spells: 7/7 levels left

rFire    . . .     SeeInvis .   a - +0 falchion
rCold    . . .     Gourm    .   (no shield)
rNeg     . . .     Faith    .   (armour unavailable)
rPois    +         Spirit   .   (helmet restricted)
rElec    .         Reflect  .   (no cloak)
rCorr    .         Harm     .   p - +0 pair of gloves
MR       +....                  (no boots)
Stlth    +.........             (no amulet)
HPRegen  0.21/turn              o - ring of protection from magic
MPRegen  0.11/turn              l - ring of poison resistance

@: slowed, drained, very slow
A: walk through water, unfitting armour, unbreathing, cold-blooded, AC +11
a: Berserk, Trog's Hand, Brothers in Arms, Burn Spellbooks, Renounce Religion


You were on level 6 of the Dungeon.
You worshipped Trog.
Trog was greatly pleased with you.
You were not hungry.

You visited 2 branches of the dungeon, and saw 7 of its levels.

You collected 239 gold pieces.

Inventory:

Hand Weapons
 a - a +0 falchion (weapon)
Armour
 k - a +0 large shield
 p - a +0 pair of gloves (worn)
Jewellery
 h - an uncursed ring of ice
 l - a ring of poison resistance (right hand)
 o - a ring of protection from magic (left hand)
Wands
 w - a wand of clouds (6)
 y - a wand of iceblast (12)
 A - a wand of polymorph (6)
 C - a wand of disintegration (15)
Scrolls
 c - 2 scrolls of fog
 d - a scroll of magic mapping
 i - 2 scrolls of remove curse
 j - a scroll of fear
 m - a scroll of teleportation {unknown}
 n - 4 scrolls of amnesia
 r - a scroll of immolation {unknown}
 t - a scroll of enchant weapon {unknown}
 v - a scroll of blinking {unknown}
 z - 3 scrolls of enchant armour {unknown}
 B - a scroll of random uselessness {unknown}
Potions
 e - 3 potions of heal wounds
 f - a potion of lignification
 g - a potion of haste
 q - a potion of agility {unknown}
 s - 4 potions of curing
 u - a potion of degeneration {unknown}
 x - a potion of brilliance {unknown}
Comestibles
 b - 12 rations
 D - 4 chunks of flesh


   Skills:
 + Level 6.0(5.3) Fighting
 + Level 9.4(8.6) Long Blades
 + Level 4.9(4.3) Dodging


You had 7 spell levels left.
You didn't know any spells.

Dungeon Overview and Level Annotations

Branches:
Dungeon (6/15)             Temple (1/1) D:5

Altars:
Cheibriados
Hepliaklqana


Innate Abilities, Weirdness & Mutations

You can walk through water.
Your dull iron-grey scales are very hard. (AC +11)
You cannot fit into any form of body armour.
You can survive without breathing.
You are cold-blooded and may be slowed by cold attacks.


Message History

The wight is severely damaged.
The wight barely misses you.
You closely miss the wight.
The wight is severely damaged.
The scorpion misses you. The wight completely misses you.
You hit the wight.
The wight is severely damaged.
The scorpion stings you but does no damage.
You hit the wight but do no damage.
The wight is severely damaged.
The wight barely misses you. The scorpion misses you.
You completely miss the wight.
The wight is severely damaged.
The scorpion stings you but does no damage.
The wight hits you with a scimitar of freezing!
* * * LOW HITPOINT WARNING * * *
You feel drained.
* * * LOW HITPOINT WARNING * * *
You feel yourself slow down. The wight freezes you!
You die...

#....#..(######...#
#.................#..
#...................#
#......)(...........
#.........(.......#
........).(.......#
.........((.)[....###
......##...<.[s.....#
.<...........@z...#.
#######.##...####..#
.......... ..
#..#....#### #
##.#....# #.#..#..
......# ##....


You could see a scorpion and a wight.

Vanquished Creatures
  The ghost of chlorine the Skirmisher, an amateur GrMo of the Shining One (D:4)
  Eustachio (D:4)
  2 ogres
  A phantom (D:3)
  3 centaurs
  A bullfrog (D:6)
  2 scorpions
  A howler monkey (D:4)
  2 iguanas
  Ijyb (D:4)
  Natasha (thrice) (D:4)
  3 orc wizards
  2 worker ants
  Terence (D:2)
  5 gnolls
  11 adders
  An adder skeleton (D:6)
  A worm (D:2)
  6 leopard geckos
  23 orcs
  6 bats
  6 giant cockroaches
  16 goblins
  14 hobgoblins
  10 jackals
  2 quokkas
  A ball python (D:2)
  2 frilled lizards
  10 kobolds
  A leopard gecko skeleton (D:4)
  A quokka skeleton (D:4)
  7 rats
147 creatures vanquished.

Notes
Turn   | Place    | Note
-------+----------+-------------------------------------------
     0 | D:1      | xccam the Draconian Berserker began the quest for the Orb.
     0 | D:1      | Reached XP level 1. HP: 19/19 MP: 1/1
   118 | D:1      | Reached XP level 2. HP: 18/26 MP: 2/2
   410 | D:1      | Reached skill level 4 in Long Blades
   787 | D:1      | Reached ** piety under Trog
   787 | D:1      | Reached XP level 3. HP: 31/31 MP: 3/3
   935 | D:2      | Found a hazy altar of Hepliaklqana.
   971 | D:2      | Reached XP level 4. HP: 22/38 MP: 4/4
  1222 | D:2      | Reached skill level 5 in Long Blades
  1272 | D:2      | Noticed Terence
  1283 | D:2      | Killed Terence
  1804 | D:3      | Reached XP level 5. HP: 40/45 MP: 5/5
  2037 | D:3      | Reached skill level 6 in Long Blades
  2220 | D:3      | Reached *** piety under Trog
  2563 | D:3      | Found a snail-covered altar of Cheibriados.
  2670 | D:4      | Reached XP level 6. HP: 18/51 MP: 6/6
  2673 | D:4      | Noticed chlorine's ghost (amateur GrMo)
  2679 | D:4      | Noticed Eustachio
  2685 | D:4      | Killed chlorine's ghost
  2685 | D:4      | Reached skill level 7 in Long Blades
  2733 | D:3      | Reached skill level 8 in Long Blades
  2733 | D:3      | Your scales start taking on a dull iron-grey colour.
  2733 | D:3      | Reached XP level 7. HP: 28/57 MP: 7/7
  2733 | D:3      | Gained mutation: You can survive without breathing. [Grey Draconian growth]
  2909 | D:4      | Killed Eustachio
  2998 | D:4      | Noticed Natasha
  3005 | D:4      | Killed Natasha
  3008 | D:4      | Noticed Natasha
  3228 | D:4      | Killed Natasha
  3372 | D:4      | Noticed Natasha
  3385 | D:4      | Killed Natasha
  3385 | D:4      | Reached XP level 8. HP: 56/67 MP: 8/8
  3654 | D:4      | Noticed Ijyb
  3677 | D:4      | Killed Ijyb
  3740 | D:5      | Entered Level 5 of the Dungeon
  3770 | D:5      | Reached skill level 5 in Fighting
  4012 | D:5      | Reached skill level 9 in Long Blades
  4074 | D:5      | Found a staircase to the Ecumenical Temple.
  4236 | D:5      | Reached **** piety under Trog
  5026 | Temple   | Entered the Ecumenical Temple
  5419 | D:6      | Slain by a wight

Skill      XL: |  1  2  3  4  5  6  7  8 |
---------------+-------------------------+-----
Long Blades    | 4 5 6 8 9 |  9.4
Dodging        | 3 4 |  4.9
Fighting       | 4 6 |  6.0

Action                   |  1- 3 |  4- 6 |  7- 9 || total
-------------------------+-------+-------+-------++-------
Melee: Falchion          |   111 |   182 |   240 ||   533
       Tailslap          |    18 |    29 |    36 ||    83
Invok: Berserk           |       |     2 |     3 ||     5
       Trog's Hand       |       |     2 |     1 ||     3
  Use: Scroll            |       |       |     8 ||     8
  Eat: Chunk             |       |     8 |     7 ||    15
       Ration            |       |       |     2 ||     2
Armor: Skin              |    40 |    66 |   123 ||   229
Dodge: Dodged            |    91 |   116 |   182 ||   389
       Rpst.: Falchion   |    27 |    29 |    46 ||   102
